 Dungeon Crawl Stone Soup version 0.25-a0-35-g747a2b3c0c (webtiles) character file.

Game seed: 16418429957778301850, levelgen mode: deterministic

219 Gynju the Magician (level 5, 0/28 HPs)
             Began as a Deep Elf Fire Elementalist on Oct 19, 2019.
             Slain by an orc
             ... wielding a +0 short sword
              (2 damage)
             ... on level 3 of the Dungeon.
             The game lasted 00:03:19 (2991 turns).

Gynju the Magician (Deep Elf Fire Elementalist)     Turns: 2991, Time: 00:03:20

Health: 0/28       AC:  3    Str:  5    XL:     5   Next: 64%
Magic:  8/14       EV: 10    Int: 21    God:
Gold:   130        SH:  0    Dex: 15    Spells: 7/13 levels left

rFire    . . .     SeeInvis .   k - +1 short sword (elec)
rCold    . . .     Gourm    .   (no shield)
rNeg     . . .     Faith    .   n - -2 ring mail (curse)
rPois    .         Spirit   .   (no helmet)
rElec    .         Reflect  .   (no cloak)
rCorr    .         Harm     .   (no gloves)
MR       .....                  (no boots)
Stlth    +.........             (no amulet)
HPRegen  0.09/turn              (no ring)
MPRegen  0.14/turn              (no ring)

@: slowed, very slow
A: no striking features
a: no special abilities


You were on level 3 of the Dungeon.
You were not hungry.

You visited 1 branch of the dungeon, and saw 3 of its levels.

You collected 130 gold pieces.

Inventory:

Hand Weapons
 k - a +1 short sword of electrocution (weapon)
Armour
 a - a +0 robe
 n - a cursed -2 ring mail (worn)
Jewellery
 d - a cursed ring of teleportation {unknown}
 o - an uncursed ring of flight {unknown}
Scrolls
 b - a scroll of identify {unknown}
 f - a scroll of magic mapping {unknown}
 g - a scroll of enchant armour {unknown}
 i - 2 scrolls of remove curse {unknown}
 l - a scroll of enchant weapon {unknown}
 m - 2 scrolls of amnesia {unknown}
 q - a scroll of random uselessness {unknown}
Potions
 e - a potion of invisibility {unknown}
 h - a potion of curing {unknown}
 j - a potion of flight {unknown}
 r - a potion of might {unknown}
Comestibles
 c - 4 rations
 p - 2 chunks of flesh


   Skills:
 + Level 4.1 Dodging
 - Level 2.4 Stealth
 + Level 4.6 Spellcasting
 + Level 3.2 Conjurations
 + Level 4.5 Fire Magic


You had 7 spell levels left.
You knew the following spells:

 Your Spells              Type           Power        Failure   Level  Hunger
a - Flame Tongue          Conj/Fire      ###..        11%         1    None
b - Throw Flame           Conj/Fire      ###...       17%         2    #......
c - Conjure Flame         Conj/Fire      ###.....     32%         3    ##.....

Your spell library contained the following spells:

 Spells                   Type           Power        Failure   Level  Hunger
 Beastly Appendage        Tmut           #.....       47%         1    None
 Inner Flame              Hex/Fire       ##......     54%         3    ##.....
 Sticks to Snakes         Tmut           #.......     63%         2    #......
 Sticky Flame             Conj/Fire      ###.....     73%         4    ####...
 Spider Form              Tmut/Pois      #.........   85%         3    ##.....
 Fireball                 Conj/Fire      ###.......   97%         5    ######.
 Ice Form                 Ice/Tmut       #.......     99%         4    ####...
 Blade Hands              Tmut           #.........   100%        5    ######.


Dungeon Overview and Level Annotations

Branches:
Dungeon (3/15)

Altars:
Cheibriados
Fedhas
Makhleb
Trog
Wu Jian
Xom


Message History

The orc closely misses you. The orc hits you with a +0 hand axe.
The orc hits you with a +0 short sword.
Casting: Flame Tongue (safe; 11% risk of failure)
Confirm with . or Enter, or press ? or * to list all spells.
Aiming: Flame Tongue (safe; 11% risk of failure)
Press: ? - help, Shift-Dir - straight line, f/p - orc
Aim: an orc, wielding a +0 hand axe and wearing a +0 scale mail (moderately wounded)
The flame tongue hits the orc.
The orc is severely wounded.
The orc hits you with a +0 club. The orc hits you with a +0 hand axe!
* * * LOW HITPOINT WARNING * * *
The orc hits you but does no damage. x2; The orc hits you with a +0 hand axe.
* * * LOW HITPOINT WARNING * * *
Casting: Flame Tongue (safe; 11% risk of failure)
Confirm with . or Enter, or press ? or * to list all spells.
Aiming: Flame Tongue (safe; 11% risk of failure)
Press: ? - help, Shift-Dir - straight line, f/p - orc
Aim: an orc, wielding a +0 hand axe and wearing a +0 scale mail (severely wounded)
The flame tongue misses the orc.
The orc hits you with a +0 short sword.
You die...

#.#.### #.# ....... #..
....... ## ....... .#
>. ....... .# #.#
....... .# #.#
......)## .# #.#
###......oo##.### #.#
#....# #o@.....#
#.#####...# ####..##.#
#........#####8###..#.#
.........#...#_≈≈##...#
#...........##..≈≈##..#
#.#####...####...≈≈#..#
#.#......## 8_....'..#
#.#.......####...≈≈#.##
#.#####.....##..≈≈##.#


You could see 3 orcs.

Vanquished Creatures
  2 crimson imps (D:3)
  A hound (D:2)
  An orc wizard (D:3)
  An adder (D:2)
  An ooze (D:2)
  3 worms
  2 dart slugs (D:1)
  A leopard gecko (D:3)
  12 orcs (D:3)
  2 bats
  2 giant cockroaches
  5 goblins
  5 hobgoblins
  5 kobolds
  A quokka (D:3)
  5 frilled lizards
  9 rats
58 creatures vanquished.

Notes
Turn   | Place    | Note
-------+----------+-------------------------------------------
     0 | D:1      | Gynju the Deep Elf Fire Elementalist began the quest for
                  | the Orb.
     0 | D:1      | Reached XP level 1. HP: 10/10 MP: 6/6
   207 | D:1      | You fall into a shaft and drop 1 floor!
   223 | D:2      | Reached XP level 2. HP: 15/15 MP: 2/8
   926 | D:1      | Reached XP level 3. HP: 19/19 MP: 7/10
  1096 | D:2      | Found a blossoming altar of Fedhas.
  1271 | D:2      | Learned a level 2 spell: Throw Flame
  1275 | D:2      | Learned a level 3 spell: Conjure Flame
  1773 | D:2      | Found a burning altar of Makhleb.
  1780 | D:2      | Reached XP level 4. HP: 20/24 MP: 6/12
  2498 | D:3      | Found a faded altar of an unknown god.
  2628 | D:3      | Found a shimmering altar of Xom.
  2634 | D:3      | Reached XP level 5. HP: 28/28 MP: 13/13
  2978 | D:3      | Found a snail-covered altar of Cheibriados.
  2978 | D:3      | Found an ornate altar of the Wu Jian Council.
  2979 | D:3      | Found a bloodstained altar of Trog.
  2990 | D:3      | HP: 1/28 [orc/+0 hand axe (5)]
  2991 | D:3      | Slain by an orc

Levels and vault maps discovered:
D:1:      minmay_arrival_solitary_statue, layout_rooms
D:2:      layout_loops_ring, overflow_temple_1_default, minmay_misc_feat_rows,
          makhleb_heckhound_becter
D:3:      layout_basic, gammafunk_temple_overflow_claw,
          chequers_ecumenical_altar_island, hangedman_decor_growths,
          led_xom_imps

Skill      XL: |  1  2  3  4  5 |
---------------+----------------+-----
Dodging        | 3 4 |  4.1
Conjurations   | 2 3 |  3.2
Spellcasting   | 4 |  4.6
Fire Magic     | 4 |  4.5
Stealth        | |  2.4

Action                   |  1- 3 |  4- 6 || total
-------------------------+-------+-------++-------
Melee: Short sword       |       |    27 ||    27
 Cast: Flame Tongue      |    60 |    40 ||   100
  Eat: Chunk             |     2 |     4 ||     6
Armor: Robe              |     1 |       ||     1
       Ring mail         |       |     9 ||     9
Dodge: Dodged            |    16 |    23 ||    39

Table legend:
 A = Non-vault XP
 B = Vault XP
 C = Vault XP percentage of total XP
 D = Non-vault monster count
 E = Vault monster count
 F = Vault count percentage of total count
                 A         B        C        D         E       F
            +---------+---------+-------+---------+---------+-------
      Total |     174 |     140 |  44.6 |      55 |       3 |   5.2
            +---------+---------+-------+---------+---------+-------
        D:1 |      33 |       0 |   0.0 |      18 |       0 |   0.0
        D:2 |      42 |      46 |  52.3 |      14 |       1 |   6.7
        D:3 |      99 |      94 |  48.7 |      23 |       2 |   8.0
            +---------+---------+-------+---------+---------+-------
